AoeStats
← VIT | Liereyy

Arabia

504538467Analyzed
1v1 RM · 27d ago on Sep 5, 2026· 35m 27s· 2 players
Game mode
Random Map
Map size
Tiny (2 player)
Population
200
Speed
Normal
Resources
Standard
Victory
Conquest
Starting age
Dark Age
Ending age
Imperial Age
RankedLock teamsTeams togetherTeam positionsShared explorationLock speedFull tech treeHidden civsTurbo modeCheats
Victory
Defeat
🇮🇹 Franks · Italy
1055
+17
🇺🇸 Mongols · United States
1071
-17
150490644
7:29 Loom
9:43 Feudal Age
10:20 Double-Bit Axe
21:34 Castle Age
20:20 Wheelbarrow
19:58 Gold Mining
20:43 Scale Barding Armor
21:23 Forging
21:13 Scale Mail Armor
25:22 Pikeman
29:27 Chain Mail Armor
30:39 Bow Saw
30:46 Husbandry
VIT | Liereyy
6:28 Loom
10:10 Feudal Age
20:32 Castle Age
19:23 Scale Barding Armor
28:20 Fletching
33:43 Bodkin Arrow
Connection lost

Rejoining the realm…

Still unreachable

The connection could not be restored.

Session expired

The server has moved on; the page needs a fresh start.